 Dungeon Crawl Stone Soup version 0.19.1 (webtiles) character file.

24563 omegacute the Grappler (level 12, -8/130 HPs)
             Began as a Troll Berserker on Dec 6, 2016.
             Was a High Priest of Trog.
             Mangled by a seven-headed hydra (15 damage)
             ... on level 3 of the Lair of Beasts.
             The game lasted 01:08:09 (13962 turns).

omegacute the Grappler (Troll Berserker)           Turns: 13962, Time: 01:08:09

Health: -8/130     AC:  6    Str: 30    XL:     12   Next: 81%
Magic:  11/11      EV: 15    Int:  3    God:    Trog [*****.]
Gold:   765        SH:  0    Dex: 11    Spells: 0 memorised, 11 levels left

rFire  . . .     SeeInvis .       - Unarmed
rCold  . . .     Gourm    +     t - +0 animal skin
rNeg   . . .     Faith    .     (no shield)
rPois  +         Spirit   .     (helmet restricted)
rElec  .         Reflect  .     h - +0 cloak
rCorr  .         Harm     .     (gloves unavailable)
MR     ++...                    (boots unavailable)
Stlth  +.........               (no amulet)
                                i - ring of poison resistance
                                g - +3 ring of slaying

@: exhausted, regenerating, slowed, very slow
A: unfitting armour, claws 3, fast metabolism 3, gourmand, regeneration 1,
shaggy fur 1, tough skin 2
a: Berserk, Trog's Hand, Brothers in Arms, Burn Spellbooks, Renounce Religion


You were on level 3 of the Lair of Beasts.
You worshipped Trog.
Trog was extremely pleased with you.
You were very full.

You visited 2 branches of the dungeon, and saw 14 of its levels.
You also visited: Labyrinth.

You collected 765 gold pieces.

Inventory:

Armour
 h - a +0 cloak (worn)
 t - a +0 animal skin (worn)
Jewellery
 g - a +3 ring of slaying (left claw)
 i - a ring of poison resistance (right claw)
 l - an uncursed ring of protection from magic
 s - an uncursed ring of protection from fire
 y - an uncursed ring of protection from cold
 C - an uncursed ring of positive energy
 L - an uncursed ring of protection from fire
 R - a +2 ring of dexterity
 W - an uncursed ring of resist corrosion
Wands
 A - a wand of polymorph (17/24)
 Q - a wand of confusion (26/48)
 S - a wand of lightning (9/15)
 V - a wand of polymorph (11/24)
Scrolls
 a - 7 scrolls of remove curse
 c - 2 scrolls of enchant armour {unknown}
 e - a scroll of fog {unknown}
 k - 2 scrolls of random uselessness {unknown}
 o - a scroll of torment {unknown}
 q - a scroll of noise
 v - a scroll of recharging {unknown}
 z - a scroll of magic mapping
 D - a scroll of fear
 E - 2 scrolls of holy word {unknown}
 F - a scroll of blinking
 G - a scroll of teleportation
 M - a scroll of acquirement {unknown}
 O - a scroll of immolation {unknown}
 T - 4 scrolls of identify
Potions
 d - 2 potions of agility
 m - a potion of haste
 p - a potion of ambrosia {unknown}
 r - 2 potions of might
 w - a potion of resistance {unknown}
 x - 2 potions of cancellation
 B - a potion of flight {unknown}
 H - a potion of degeneration {unknown}
 J - 2 potions of invisibility
 K - a potion of heal wounds {unknown}
 N - a potion of mutation {unknown}
 P - a potion of curing {unknown}
 Z - a potion of brilliance {unknown}
Miscellaneous
 X - a sack of spiders
Comestibles
 b - 11 bread rations
 f - 10 chunks of flesh
 j - 7 meat rations
 n - 8 beef jerkies
 u - 4 fruits
 I - a slice of pizza
 U - 3 royal jellies


   Skills:
 + Level 11.2 Fighting
 - Level 2.8 Armour
 + Level 10.7 Dodging
 - Level 12.2 Unarmed Combat


You had 11 spell levels left.
You didn't know any spells.

Dungeon Overview and Level Annotations

Branches:
Dungeon (11/15)            Temple (0/1) D:6            Lair (3/6) D:10
  Snake (0/4) Lair:2          Orc (0/2) D:9
  Swamp: Lair:2-4    Shoals: Lair:2-4

Altars:
Fedhas
Nemelex Xobeh
Okawaru
Vehumet
Zin

Shops:
D:8 (

Annotations:
D:9 exclusions: obsidian statue and orange crystal statue
Lair:1 exclusion: 3 oklob plants


Innate Abilities, Weirdness & Mutations

You are too large for most types of armour.
You have claws for hands.
Your metabolism is lightning-fast.
You like to eat raw meat.
Your natural rate of healing is unusually fast.
You are covered in fur. (AC +1)
You have very tough skin. (AC +2)


Message History

The seven-headed hydra bites you!
* * * LOW HITPOINT WARNING * * *
The seven-headed hydra bites you!
* * * LOW HITPOINT WARNING * * *
The seven-headed hydra barely misses you. x2
The seven-headed hydra closely misses you.
You take 39 damage, and have 54/130 hp.
MASSIVE DAMAGE!!
Your ogre barely misses the queen bee.
The seven-headed hydra bites you!
* * * LOW HITPOINT WARNING * * *
The seven-headed hydra bites you!
* * * LOW HITPOINT WARNING * * *
The seven-headed hydra bites you!
* * * LOW HITPOINT WARNING * * *
The seven-headed hydra bites you!
* * * LOW HITPOINT WARNING * * *
The seven-headed hydra completely misses you.
The seven-headed hydra bites you.
* * * LOW HITPOINT WARNING * * *
The seven-headed hydra bites you!
You die...

###..# .#.. ##...## ...#
###..#..#..#..
##...###...###.
#####..#..#..#..#..
##.#...###.Y.###...#
#.#%....#..#..#..#..
#.#y##....###...###.
.......#D@O#..#..#..#..#..
......#.#....###...###...#
......#.#..#..#..#..#..#..
<.... .#..#.#...###...###.
......#.#........#..#..#..
......#.#....#.#...###.รท.#
#?##. .#.#.......#..#..#..
#..#.#.#...........###.
..#.#.#.....#.....#..


You could see a seven-headed hydra, a queen bee and a friendly ogre (berserk).

Vanquished Creatures
  Snorg (D:10)
  A minotaur (Lab)
  A catoblepas (D:10)
  The ghost of Paps the Basher, a novice TrMo of Trog (D:10)
  2 hill giants (D:10)
  A deep elf mage (D:8)
  A manticore (D:10)
  2 elephants (Lair:3)
  A black mamba (Lair:2)
  A gargoyle (D:9)
  A komodo dragon (Lair:1)
  5 spiny frogs
  A rime drake (Lair:2)
  A hornet (D:9)
  Prince Ribbit (D:6)
  7 hippogriffs
  Sigmund (D:2)
  A redback (Lab)
  3 wyverns (Lair:3)
  10 basilisks
  20 yaks
  Grum (D:10)
  4 hungry ghosts (Lab)
  A steam dragon (D:8)
  Menkaure (D:6)
  Edmund (D:6)
  4 nagas (Lair:2)
  7 water moccasins
  11 porcupines
  An ice beast (D:8)
  3 orc warriors
  A sky beast (D:5)
  An eye of draining (D:10)
  A hornet zombie (D:7)
  2 black bears (D:10)
  2 phantoms
  9 wolves
  6 centaurs
  3 ogres
  8 crocodiles
  11 bullfrogs
  2 scorpions
  A wight (D:9)
  22 killer bees
  2 howler monkeys
  2 crimson imps
  A centaur zombie (D:4)
  2 jellies
  6 orc priests
  6 hounds
  9 orc wizards
  A bullfrog skeleton (D:4)
  3 centaur skeletons
  Terence (D:3)
  Ijyb (D:2)
  An iguana (D:8)
  7 worker ants
  A hound zombie (D:4)
  2 howler monkey zombies
  3 worker ant zombies
  7 adders
  7 gnolls
  A river rat (Lair:3)
  4 shadow imps
  2 oozes
  2 adder zombies (D:4)
  An adder skeleton (D:5)
  5 worms
  A dart slug (D:2)
  3 leopard geckos
  34 orcs
  3 giant cockroaches
  8 goblins
  6 hobgoblins
  6 kobolds
  2 quokkas
  4 ball pythons
  8 bats
  7 frilled lizards
  A giant cockroach zombie (D:4)
  A jackal zombie (D:4)
  3 leopard gecko zombies (D:4)
  A quokka zombie (D:4)
  7 rats
338 creatures vanquished.

Vanquished Creatures (collateral kills)
  A manticore (Lair:3)
  An elephant (Lair:3)
  2 killer bees (Lair:2)
4 creatures vanquished.

Vanquished Creatures (others)
  3 bushes
  4 fungi
  9 plants
16 creatures vanquished.

Grand Total: 358 creatures vanquished

Notes
Turn   | Place    | Note
-------+----------+-------------------------------------------
     0 | D:1      | omegacute the Troll Berserker began the quest for the Orb.
     0 | D:1      | Reached XP level 1. HP: 22/22 MP: 0/0
   336 | D:1      | Reached XP level 2. HP: 23/29 MP: 1/1
   697 | D:2      | Reached skill level 4 in Unarmed Combat
   863 | D:2      | Reached XP level 3. HP: 36/36 MP: 2/2
   870 | D:2      | Noticed Sigmund
   876 | D:2      | Killed Sigmund
   876 | D:2      | Reached skill level 6 in Unarmed Combat
   876 | D:2      | Reached XP level 4. HP: 44/44 MP: 3/3
   876 | D:2      | Reached XP level 5. HP: 50/50 MP: 4/4
  1079 | D:2      | Reached ** piety under Trog
  1187 | D:2      | Noticed Ijyb
  1222 | D:2      | Killed Ijyb
  1222 | D:2      | Reached XP level 6. HP: 59/59 MP: 5/5
  1850 | D:3      | Reached skill level 7 in Unarmed Combat
  2476 | D:3      | Noticed Terence
  2478 | D:3      | Killed Terence
  2621 | D:3      | Reached skill level 8 in Unarmed Combat
  2621 | D:3      | Reached XP level 7. HP: 59/66 MP: 6/6
  2800 | D:4      | Reached *** piety under Trog
  3006 | D:4      | Found a faded altar of an unknown god.
  3006 | D:4      | Found a glowing silver altar of Zin.
  3011 | D:4      | Found a radiant altar of Vehumet.
  3013 | D:4      | Found a faded altar of an unknown god.
  3015 | D:4      | Found a faded altar of an unknown god.
  3309 | D:5      | Entered Level 5 of the Dungeon
  3317 | D:5      | Reached XP level 8. HP: 54/78 MP: 7/7
  3611 | D:5      | Found an iron altar of Okawaru.
  4197 | D:6      | Noticed Edmund
  4205 | D:6      | Killed Edmund
  4342 | D:6      | Reached skill level 5 in Fighting
  4342 | D:6      | Reached skill level 5 in Dodging
  4423 | D:6      | Found a sparkling altar of Nemelex Xobeh.
  5051 | D:6      | Noticed Menkaure
  5056 | D:6      | Killed Menkaure
  5133 | D:6      | Noticed Prince Ribbit
  5150 | D:6      | Killed Prince Ribbit
  5150 | D:6      | Reached XP level 9. HP: 89/89 MP: 8/8
  5348 | D:6      | Found a staircase to the Ecumenical Temple.
  5557 | D:7      | Reached **** piety under Trog
  6011 | D:7      | Found a blossoming altar of Fedhas.
  6480 | D:8      | Noticed a deep elf mage
  6498 | D:8      | Killed a deep elf mage
  6847 | D:8      | Found Konkeu Myff's Antique Weapon Shop.
  7032 | D:9      | Noticed a gargoyle
  7037 | D:9      | Killed a gargoyle
  7037 | D:9      | Reached XP level 10. HP: 104/104 MP: 9/9
  7092 | D:9      | Found a staircase to the Orcish Mines.
  7406 | D:9      | Noticed an orange crystal statue
  7602 | D:9      | Noticed an obsidian statue
  7779 | D:10     | Entered Level 10 of the Dungeon
  7779 | D:10     | Noticed a catoblepas
  7779 | D:10     | Noticed a hill giant
  7879 | D:10     | Killed a catoblepas
  7881 | D:10     | Killed a hill giant
  8059 | D:10     | Noticed a hill giant
  8069 | D:10     | Killed a hill giant
  8259 | D:10     | Noticed Grum
  8279 | D:10     | Killed Grum
  8392 | D:10     | Noticed Paps's ghost (novice TrMo)
  8413 | D:10     | HP: 4/160 [Paps's ghost (9)]
  8415 | D:10     | Killed Paps's ghost
  8655 | D:10     | Reached XP level 11. HP: 59/115 MP: 10/10
  8944 | D:10     | Noticed Snorg
  8953 | D:10     | Killed Snorg
  8953 | D:10     | Reached skill level 9 in Unarmed Combat
  9348 | D:10     | Found a staircase to the Lair.
  9380 | D:10     | Reached skill level 10 in Unarmed Combat
  9715 | Lair:1   | Entered Level 1 of the Lair of Beasts
  9844 | Lair:1   | Reached ***** piety under Trog
  9844 | Lair:1   | Reached skill level 11 in Unarmed Combat
  9919 | Lair:1   | Received a gift from Trog
  9973 | Lair:1   | Found a labyrinth entrance.
  9983 | Lab      | Entered a labyrinth
 11191 | Lab      | Noticed a minotaur
 11197 | Lab      | Killed a minotaur
 11197 | Lab      | Reached skill level 12 in Unarmed Combat
 11357 | Lair:1   | Noticed an oklob plant
 11421 | Lair:1   | Reached skill level 1 in Armour
 11507 | Lair:1   | Reached XP level 12. HP: 104/126 MP: 11/11
 12038 | Lair:2   | Found a staircase to the Snake Pit.
 12171 | Lair:2   | Reached skill level 10 in Fighting
 13068 | Lair:2   | Received a gift from Trog
 13075 | Lair:2   | Reached skill level 10 in Dodging
 13353 | Lair:2   | HP: 5/128 [killer bee (6)]
 13354 | Lair:2   | HP: 2/128 [killer bee (1)]
 13961 | Lair:3   | Noticed a seven-headed hydra
 13962 | Lair:3   | Mangled by a seven-headed hydra

Skill      XL: |  1  2  3  4  5  6  7  8  9 10 11 12 |
---------------+-------------------------------------+-----
Unarmed Combat | 4 6 8 12 | 12.2
Fighting       | 3 5 7 9 11 | 11.2
Dodging        | 3 5 7 9 10 | 10.7
Armour         | 1 2 |  2.8

Action                   |  1- 3 |  4- 6 |  7- 9 | 10-12 || total
-------------------------+-------+-------+-------+-------++-------
Melee: Unarmed           |    54 |   111 |   236 |   494 ||   895
       Punch             |       |     3 |    13 |    23 ||    39
Invok: Berserk           |     1 |     5 |    10 |    20 ||    36
       Burn Spellbooks   |       |       |     1 |     5 ||     6
       Trog's Hand       |       |       |     1 |     4 ||     5
       Brothers in Arms  |       |       |       |     3 ||     3
  Use: Scroll            |       |       |       |    13 ||    13
  Eat: Chunk             |    13 |    23 |    49 |    88 ||   173
       Royal jelly       |       |       |       |     1 ||     1
Armor: Animal skin       |    20 |    18 |       |    76 ||   114
       Robe              |       |    12 |    44 |    12 ||    68
Dodge: Dodged            |    27 |    49 |   103 |   315 ||   494
